 Seeded DCSS version 0.31-a0-219-g8d62b2e7bb (webtiles) character file.

Game seed: 18346887137507914922 (custom seed)

1439 innerfire43 the Trooper (level 8, -9/67 HPs)
             Began as a Demonspawn Monk on July 3, 2023.
             Was a Priest of Uskayaw.
             Mangled by Joseph
             ... wielding a +4 heavy quarterstaff
              (13 damage)
             ... on level 7 of the Dungeon.
             The game lasted 00:05:49 (4959 turns).

innerfire43 the Trooper (Demonspawn Monk)           Turns: 4959, Time: 00:05:49

Health: -9/67      AC: 11    Str: 14    XL:     8   Next: 45%
Magic:  8/8        EV: 17    Int: 12    God:    Uskayaw [***...]
Gold:   1284       SH:  0    Dex: 15    Spells: 7/7 levels left

rFire   . . .        x - +2 war axe (elec)
rCold   + . .        d - orb {light}
rNeg    . . .        k - +2 ring mail "Naukank" {rC+}
rPois   .            (helmet restricted)
rElec   .            j - +0 cloak
rCorr   .            (no gloves)
SInv    +            y - +0 pair of boots
Will    .....        (no amulet)
Stlth   +            n - +5 ring of evasion
HPRegen 0.31/turn    w - ring of see invisible
MPRegen 0.11/turn

%: no passive effects
@: glowing
A: horns 1, yellow scales 1, icemail 1, condensation shield
a: Renounce Religion, Stomp, Line Pass


You were on level 7 of the Dungeon.
You worshipped Uskayaw.
Uskayaw was noncommittal.
You visited 1 branch of the dungeon, and saw 7 of its levels.

You collected 1284 gold pieces.

Inventory:

Hand Weapons
 a - a +0 hand axe
 x - a +2 war axe of electrocution (weapon)
Missiles
 m - 2 throwing nets
Armour
 b - a +0 robe
 d - an orb of light (worn)
 j - a +0 cloak (worn)
 k - the +2 ring mail "Naukank" (worn) {rC+}
   (You found it on level 2 of the Dungeon)

   rC:        It protects you from cold.
 y - a +0 pair of boots (worn)
Jewellery
 i - a ring of positive energy
 n - a +5 ring of evasion (left hand)
 w - a ring of see invisible (right hand)
 B - a ring of fire
Wands
 l - a wand of flame (22)
Scrolls
 e - 3 scrolls of fog
 o - a scroll of poison
 p - 2 scrolls of teleportation
 u - a scroll of identify {unknown}
 v - 2 scrolls of immolation {unknown}
 z - a scroll of noise {unknown}
 A - a scroll of blinking {unknown}
Potions
 c - a potion of ambrosia
 f - 2 potions of resistance {unknown}
 g - 3 potions of heal wounds
 h - a potion of cancellation {unknown}
 q - a potion of lignification {unknown}
 r - a potion of brilliance {unknown}
 s - a potion of might {unknown}
 t - a potion of mutation {unknown}
 C - a potion of enlightenment {unknown}


   Skills:
 * Level 7.3 Fighting
 * Level 6.6 Axes
 + Level 5.1 Dodging


You had 7 spell levels left.
You didn't know any spells.
Your spell library contained the following spells:

 Spells                   Type           Power      Damage    Failure   Level
 Ensorcelled Hibernation  Hex/Ice        0%         N/A       71%         2
 Dazzling Flash           Conj/Hex       0%         N/A       90%         3
 Inner Flame              Hex/Fire       0%         N/A       90%         3
 Ozocubu's Armour         Ice            0%         N/A       90%         3
 Spider Form              Tmut/Pois      0%         N/A       90%         3
 Anguish                  Hex/Necr       0%         N/A       100%        4
 Flame Wave               Conj/Fire      0%         2d4       100%        4
 Petrify                  Tmut/Erth      0%         N/A       100%        4
 Sticky Flame             Conj/Fire      0%         2d3       100%        4
 Agony                    Necr           0%         N/A       100%        5
 Metabolic Englaciation   Hex/Ice        0%         N/A       100%        5
 Silence                  Hex/Air        0%         N/A       100%        5
 Statue Form              Tmut/Erth      0%         N/A       100%        6
 Ozocubu's Refrigeration  Ice            0%         4d7       100%        7
 Borgnjor's Revivificati  Necr           0%         N/A       100%        8
 Necromutation            Tmut/Necr      0%         N/A       100%        8
 Death's Door             Necr           0%         N/A       100%        9


Dungeon Overview and Level Annotations

Branches:
Dungeon (7/15)             Temple (0/1) D:5

Altars:
Qazlal
Uskayaw

Portals:
Bailey: D:7

Annotations:
D:7 Joseph


Innate Abilities, Weirdness & Mutations

You have a pair of small horns on your head.
You are partially covered in yellow scales. (AC +2)
A meltable icy envelope protects you from harm. (AC +0)
A meltable shield of frost defends you. (SH +0)


Message History

You are engulfed in a cloud of scalding steam.
The steam dragon misses you.
The steam dragon claws you but does no damage.
Joseph shoots a sling bullet.
The sling bullet hits you.
Okay, then.
You slash the steam dragon!
Lightning courses through the steam dragon!
You kill the steam dragon!
A howler monkey comes into view.
Joseph shoots a sling bullet.
The sling bullet hits you!
You can now pass through a line of other dancers.
Your Dodging skill increases to level 5!
Found a scroll of teleportation.
The howler monkey hoots and howls with incredible vigour!
Joseph shoots a sling bullet.
The sling bullet barely misses you.
You hear an angry growl.
Joseph shoots a sling bullet.
The sling bullet misses you.
You slash Joseph!
Joseph is lightly wounded.
You slash the howler monkey!
An ice beast comes into view.
The howler monkey hoots and howls with incredible vigour!
Joseph unwields a +0 sling.
Joseph wields a +4 heavy quarterstaff.
Joseph barely misses you. The howler monkey barely misses you.
You slash Joseph!
Joseph is moderately wounded.
You hit the howler monkey. The howler monkey barely misses you.
Joseph hits you with a +4 heavy quarterstaff!!
* * * LOW HITPOINT WARNING * * *
Uskayaw will force your foes to helplessly watch your dance.
Uskayaw prepares the audience for your solo!
The helpless Joseph fails to defend himself.
You hit Joseph. You headbutt Joseph, but do no damage.
Joseph is moderately wounded.
The helpless howler monkey fails to defend itself.
You slash the howler monkey!
You kill the howler monkey!
Joseph is no longer paralysed.
The ice beast is no longer paralysed.
Joseph hits you with a +4 heavy quarterstaff!
You die...

.#...........#
.............#
.............#
.......Y..?..#
.............##
..............##[
>......@†.....#...
.......@..........
.................
...............#
...............#
)..............#
∩).............#
)........#.....#
........##.....#
........###....#


You could see Joseph and an ice beast.

Vanquished Creatures
  A steam dragon (D:7)
  The ghost of innerfire43 the Ducker, an amateur DsMo (D:3)
  Menkaure (D:6)
  An orc warrior (D:7)
  A black bear (D:3)
  An ogre (D:5)
  A phantom (D:5)
  A bullfrog (D:7)
  A howler monkey (D:7)
  3 hounds
  3 jellies
  3 orc priests
  2 iguanas (D:4)
  5 orc wizards (D:5)
  A howler monkey zombie (D:3)
  3 gnolls (D:5)
  7 adders
  A howler monkey skeleton (D:3)
  2 dart slugs
  18 orcs
  2 bats
  2 endoplasms
  3 goblins
  3 hobgoblins
  6 jackals
  9 kobolds
  7 quokkas
  4 ball pythons
  A frilled lizard (D:1)
  4 rats (D:1)
98 creatures vanquished.

Notes
Turn   | Place    | Note
-------+----------+-------------------------------------------
     0 | D:1      | innerfire43 the Demonspawn Monk began the quest for the
                  | Orb.
     0 | D:1      | Reached XP level 1. HP: 18/18 MP: 1/1
   162 | D:1      | Gained mutation: A meltable shield of frost defends you.
                  | (SH +0) [demonic ancestry]
   162 | D:1      | Reached XP level 2. HP: 22/24 MP: 2/2
   903 | D:2      | Gained mutation: A meltable icy envelope protects you from
                  | harm. (AC +0) [demonic ancestry]
   903 | D:2      | Reached XP level 3. HP: 25/29 MP: 3/3
   908 | D:2      | Identified the +2 ring mail "Naukank" {rC+}
   951 | D:2      | You fall into a shaft and drop 2 floors!
  1007 | D:4      | Reached XP level 4. HP: 35/37 MP: 4/4
  1044 | D:4      | Reached skill level 4 in Fighting
  1134 | D:4      | Found a stormy altar of Qazlal.
  1288 | D:3      | Noticed a black bear
  1302 | D:3      | Killed a black bear
  1303 | D:3      | Reached XP level 5. HP: 22/43 MP: 5/5
  1956 | D:3      | Gained mutation: You are partially covered in yellow
                  | scales. (AC +2) [demonic ancestry]
  1956 | D:3      | Reached XP level 6. HP: 37/50 MP: 6/6
  2129 | D:3      | Found a runed translucent gate.
  2129 | D:3      | Found a runed translucent gate.
  2129 | D:3      | Found a runed translucent gate.
  2135 | D:3      | Noticed innerfire43's ghost (amateur DsMo)
  2299 | D:3      | Reached skill level 5 in Fighting
  2568 | D:3      | Killed innerfire43's ghost
  2847 | D:4      | Found a hide-covered altar of Uskayaw.
  2917 | D:4      | Became a worshipper of Uskayaw the Reveller
  2917 | D:4      | Reached * piety under Uskayaw
  2951 | D:4      | Reached ** piety under Uskayaw
  3059 | D:4      | Identified a scroll of acquirement
  3059 | D:4      | Acquired 948 gold pieces
  3072 | D:5      | Entered Level 5 of the Dungeon
  3096 | D:5      | Reached skill level 5 in Axes
  3096 | D:5      | Gained mutation: You have a pair of small horns on your
                  | head. [demonic ancestry]
  3096 | D:5      | Reached XP level 7. HP: 20/56 MP: 7/7
  3262 | D:5      | Reached *** piety under Uskayaw
  3264 | D:5      | Reached **** piety under Uskayaw
  3266 | D:5      | Reached ***** piety under Uskayaw
  3354 | D:5      | Reached skill level 6 in Fighting
  3856 | D:5      | Found a staircase to the Ecumenical Temple.
  4424 | D:6      | Reached XP level 8. HP: 57/63 MP: 8/8
  4448 | D:6      | Noticed Menkaure
  4454 | D:6      | Killed Menkaure
  4890 | D:7      | Reached skill level 7 in Fighting
  4943 | D:7      | Found a flagged portal.
  4948 | D:7      | Noticed Joseph
  4953 | D:7      | Reached skill level 5 in Dodging
  4958 | D:7      | HP: 3/67 [Joseph/+4 heavy quarterstaff (27)]
  4959 | D:7      | Mangled by Joseph

Illustrated notes

Levels and vault maps discovered:
D:1:      heliophobic_arrival_ceremonial_halls, layout_basic
D:2:      layout_basic, shapermc_ecumenical_altar_mp_highgroup,
          grunt_ministairs_10, minivault_5, chequers_decorated_corner
D:3:      layout_loops_corners, serial_glass, glass_columns_a, glass_columns_c,
          glass_columns_c, glass_columns_b, gammafunk_ghost_necromancy,
          dk_vineyard_1, kennysheep_cross_room, grunt_decor_clamped
D:4:      layout_rooms, nicolae_qazlal_eye_of_the_storm,
          nicolae_uskayaw_suspiria, kennysheep_nub
D:5:      layout_cave_pods, minmay_temple_entry_purple_smoke,
          grunt_ministairs_12
D:6:      layout_loops_ring, mainiacjoe_overflow_concentric_impassable,
          uniq_menkaure
D:7:      layout_layer_cave, tso_oasis_becter, enter_bailey_2, uniq_joseph,
          uniq_crazy_yiuf_cottage

Skill      XL: |  1  2  3  4  5  6  7  8 |
---------------+-------------------------+-----
Axes           | 3 4 5 6 |  6.6
Dodging        | 3 4 5 |  5.1
Fighting       | 4 5 6 7 |  7.3

Action                     |  1- 3 |  4- 6 |  7- 9 || total
---------------------------+-------+-------+-------++-------
  Melee: Hand axe          |    75 |   187 |    69 ||   331
         Headbutt          |       |       |    29 ||    29
         War axe           |       |       |    33 ||    33
    Use: Scroll            |       |     5 |       ||     5
         Potion            |       |       |     1 ||     1
   Stab: Paralysed         |       |       |    12 ||    12
 Armour: Robe              |     6 |       |       ||     6
         Ring mail         |    16 |    65 |    35 ||   116
  Dodge: Dodged            |    69 |   145 |   116 ||   330
  Block: Orb               |     9 |    26 |    14 ||    49

Table legend: (Time is in decaauts)
 A = Elapsed time spent in this place.
 B = Non-inter-level travel time spent in this place.
 C = Inter-level travel time spent in this place.
 D = Time resting spent in this place.
 E = Time spent auto-exploring this place.
 F = Levels seen in this place.
 G = Mean time per level.
                   A        B        C        D        E       F      G
               +--------+--------+--------+--------+--------+-----+--------+
         Total |   4995 |   4620 |    375 |      0 |   3780 |   7 |  713.6 |
       Dungeon |   4995 |   4620 |    375 |      0 |   3780 |   7 |  713.6 |
               +--------+--------+--------+--------+--------+-----+--------+

Top non-repeatable levels by time:
     D:3: 1549 daAuts
     D:5: 1057 daAuts
     D:1: 897 daAuts
     D:6: 756 daAuts
     D:4: 593 daAuts
     D:7: 81 daAuts
     D:2: 61 daAuts
